Map: Cerulean Fall LE

Players

ignorant

  • Race: Terran Terran
  • League: Master
  • Spawn Location: 7:00

llIllllIllll - Winner!

  • Race: Protoss Protoss
  • League: Master
  • Spawn Location: 1:00

VOD

Have the link to the VOD?

Description

Time

  • Played on: Jan. 10, 2019, 10:34 p.m.
  • Length: 26:07
Show
View Real Time Build Order
Export as new Build Order

ignorant Terran 

Build Orders:  

Get SALT Encoding   

  12  0:01  SCV  
  13  0:13  SCV  
  14  0:19  Supply Depot  
  14  0:25  SCV  
  15  0:30  Refinery  
  15  0:40  SCV  
  16  0:46  Barracks  
  16  0:53  SCV  
  17  1:05  SCV  
  18  1:17  SCV  
  19  1:31  Supply Depot  
  19  1:35  Barracks Reactor  
  19  1:43  Orbital Command  
  19  2:12  SCV  
  19  2:13  Marine  
  15  2:43  Marine  
  9  3:13  Marine  
  2  3:29  Marine  
  1  4:07  SCV  
  2  4:22  Reaper  
  3  4:28  SCV  
  4  4:40  SCV  
  5  4:48  Marine  
  5  4:52  SCV  
  7  5:04  SCV  
  8  5:09  Reaper  
  8  5:16  SCV  
  9  5:21  Marine  
  10  5:41  Reaper  
  11  6:08  SCV  
  12  6:28  SCV  
  13  6:40  SCV  
  13  6:43  Marine  
  15  6:52  SCV  
  16  7:04  SCV  
  16  7:09  Marine  
  16  7:10  Marine  
  18  7:16  Factory  
  18  7:17  SCV  
  19  7:31  Marine  
  19  7:32  SCV, Marine  
  21  7:44  SCV  
  21  7:45  Refinery  
  21  7:50  Marine x2  
  24  7:57  SCV  
  24  8:18  Supply Depot  
  24  8:19  Starport  
  23  8:31  Marine  
  23  8:34  Marine  
  22  8:44  Widow Mine  
  22  8:46  SCV  
  25  8:58  Starport Tech Lab, Supply Depot  
  25  9:00  Fusion Core  
  25  9:12  SCV  
  25  9:17  Banshee  
  26  9:23  Cloaking Field  
  29  9:30  SCV  
  30  9:41  Marine  
  30  9:42  SCV  
  30  9:43  Widow Mine  
  34  9:54  Supply Depot  
  34  9:59  Raven  
  34  10:01  SCV  
  37  10:13  SCV  
  38  10:39  Engineering Bay  
  38  10:43  Battlecruiser  
  38  10:45  SCV  
  45  10:57  SCV  
  46  11:09  SCV  
  47  11:30  Supply Depot  
  47  11:34  Supply Depot  
  47  11:35  Command Center  
  47  11:52  Widow Mine x2, Medivac  
  53  11:58  SCV  
  53  12:00  Supply Depot  
  54  12:06  Barracks Tech Lab  
  54  12:10  SCV  
  55  12:23  Battlecruiser  
  61  12:34  Widow Mine x2  
  65  12:51  Starport  
  59  13:27  SCV  
  59  13:30  Orbital Command  
  56  13:39  SCV  
  55  13:45  Battlecruiser  
  59  13:52  SCV  
  60  14:04  SCV  
  61  14:10  SCV  
  61  14:16  SCV  
  63  14:22  SCV  
  64  14:28  SCV  
  63  14:34  SCV  
  63  14:37  Viking  
  66  14:40  SCV  
  66  14:43  Refinery  
  66  14:44  Refinery  
  67  14:46  Command Center  
  67  14:49  Viking  
  63  15:00  SCV x2  
  65  15:07  Viking  
  65  15:12  SCV  
  65  15:13  SCV  
  69  15:19  Viking  
  71  15:24  Widow Mine  
  71  15:25  Widow Mine  
  75  15:30  Starport  
  75  15:31  Starport  
  75  15:32  Missile Turret  
  75  15:34  Hyperflight Rotors  
  75  15:37  Viking  
  77  15:45  Weapon Refit, Supply Depot  
  77  15:49  Viking, Supply Depot  
  79  16:04  Refinery  
  79  16:06  Refinery, Missile Turret  
  79  16:09  Starport Tech Lab x2  
  79  16:10  Viking  
  81  16:20  SCV  
  81  16:21  SCV  
  81  16:23  Planetary Fortress  
  83  16:33  Missile Turret  
  83  16:35  Viking  
  65  16:56  SCV x2  
  67  17:05  SCV  
  67  17:06  Banshee  
  67  17:08  SCV x2  
  73  17:13  Banshee  
  76  17:17  SCV  
  76  17:20  SCV x2  
  79  17:26  Battlecruiser  
  79  17:29  SCV  
  86  17:32  SCV  
  84  17:47  Banshee  
  84  17:49  Banshee  
  90  17:52  SCV x2  
  90  17:53  SCV  
  90  17:56  Banshee  
  96  18:01  Missile Turret  
  96  18:02  Missile Turret  
  96  18:04  Armory, SCV  
  97  18:11  Armory  
  88  18:30  Banshee  
  89  18:38  SCV x2  
  91  18:46  Battlecruiser  
  91  18:47  SCV, Battlecruiser  
  104  18:50  SCV x2  
  106  18:58  Terran Ship Weapons Level 1  
  106  18:59  SCV  
  106  19:02  SCV  
  108  19:08  Banshee  
  111  19:11  Command Center  
  94  19:37  SCV x3, Viking  
  93  19:50  Viking  
  93  19:51  Viking x2  
  93  20:07  Viking  
  93  20:20  Viking  
  93  20:21  Viking x2  
  80  20:48  Battlecruiser  
  76  21:05  Refinery, Planetary Fortress  
  76  21:06  Refinery  
  76  21:09  SCV x3  
  76  21:10  Viking x2  
  83  21:21  SCV x3  
  86  21:29  Banshee  
  89  21:39  Banshee  
  90  21:48  Banshee  
  64  22:57  SCV x2  
  64  22:58  SCV  
  61  23:09  SCV x2  
  61  23:10  SCV  
  64  23:38  Viking x2  
  68  23:58  Banshee x2  
  74  24:07  Banshee  
  74  24:08  Banshee  
  80  24:20  SCV x2  
  80  24:22  Missile Turret  
  82  24:30  Command Center  
  82  24:32  SCV x2  
  84  24:41  Raven, Battlecruiser  
  84  24:42  Missile Turret  
  84  24:44  Missile Turret  
  92  24:50  Viking  
  92  24:51  Viking  
  95  24:53  Starport  
  95  24:55  Starport  
  81  25:20  Viking  
  81  25:21  Viking  
  83  25:24  Viking  
  82  25:35  Viking  
  82  25:36  Viking  
Show
View Real Time Build Order
Export as new Build Order

llIllllIllll Protoss - Winner!

Build Orders:  

Get SALT Encoding   

  12  0:01  Probe  
  13  0:15  Probe  
  14  0:25  Pylon  
  14  0:27  Probe  
  15  0:43  Probe  
  15  0:45  Assimilator  
  16  0:55  Probe  
  17  1:05  Probe  
  18  1:13  Probe  
  19  1:21  Probe  
  20  1:34  Probe  
  21  1:46  Probe  
  17  2:46  Probe  
  14  2:58  Probe  
  13  3:10  Probe  
  9  3:21  Probe  
  9  3:29  Probe  
  9  3:45  Probe  
  9  4:07  Gateway  
  9  4:13  Probe  
  10  4:21  Probe  
  11  4:32  Probe, Pylon  
  12  4:46  Probe  
  13  4:55  Zealot  
  13  4:58  Probe  
  16  5:20  Cybernetics Core  
  16  5:24  Probe  
  17  5:48  Stalker  
  14  6:31  Stalker  
  14  6:34  Shield Battery  
  15  6:45  Probe  
  17  6:57  Probe  
  18  7:09  Probe  
  18  7:11  Stalker  
  19  7:21  Probe  
  22  7:33  Probe  
  23  7:41  Assimilator  
  23  7:45  Probe  
  24  7:57  Probe  
  25  8:09  Probe  
  26  8:18  Robotics Facility  
  26  8:21  Pylon  
  26  8:22  Probe  
  27  8:34  Probe  
  28  8:46  Probe  
  29  8:53  Pylon  
  29  8:55  Stalker  
  31  8:58  Probe  
  32  9:06  Immortal  
  32  9:10  Probe  
  32  9:12  Robotics Bay  
  37  9:35  Nexus  
  37  9:42  Probe  
  38  9:51  Probe  
  38  9:59  Probe  
  39  10:03  Colossus  
  46  10:11  Probe  
  46  10:19  Probe  
  47  10:41  Pylon  
  46  10:57  Observer  
  47  11:08  Stalker  
  49  11:14  Stargate  
  49  11:18  Forge  
  49  11:19  Probe  
  49  11:21  Colossus  
  50  11:31  Probe  
  50  11:32  Pylon  
  57  11:48  Probe, Pylon  
  57  11:49  Probe  
  57  11:54  Assimilator  
  59  11:56  Photon Cannon  
  59  12:00  Probe, Pylon  
  60  12:27  Probe  
  60  12:28  Probe  
  60  12:29  Assimilator  
  62  12:36  Fleet Beacon  
  62  12:38  Pylon  
  62  12:39  Probe  
  62  12:40  Probe  
  64  12:47  Pylon  
  64  12:52  Probe  
  64  12:54  Probe  
  66  12:59  Colossus  
  66  13:00  Probe  
  73  13:06  Probe  
  62  13:42  Tempest  
  63  13:48  Probe  
  63  13:49  Photon Cannon  
  63  13:53  Probe  
  69  14:00  Probe  
  70  14:05  Probe, Stalker  
  71  14:12  Probe  
  71  14:23  Tempest  
  74  14:54  Stalker  
  76  15:05  Probe  
  77  15:17  Probe  
  77  15:18  Probe  
  79  15:26  Tempest  
  79  15:29  Probe, Photon Cannon  
  79  15:30  Probe  
  81  15:36  Gateway  
  86  15:43  Twilight Council  
  86  15:44  Pylon  
  86  15:49  Warp Gate  
  86  15:59  Nexus  
  86  16:02  Stalker  
  85  16:26  Tempest, Colossus  
  95  16:45  Observer  
  78  17:00  Stalker x2  
  76  17:28  Gateway  
  76  17:30  Stalker x2  
  74  17:52  Pylon  
  74  17:53  Tempest  
  79  18:00  Stalker x2  
  83  18:08  Nexus  
  81  18:25  Pylon  
  76  18:28  Tempest  
  76  18:30  Stalker x2  
  77  18:43  Shield Battery  
  77  18:45  Shield Battery, Photon Cannon  
  77  18:47  Shield Battery  
  77  18:49  Shield Battery  
  77  18:52  Pylon  
  77  19:00  Stalker  
  77  19:01  Probe, Stargate  
  80  19:03  Probe  
  80  19:09  Tempest  
  81  19:13  Probe  
  81  19:15  Probe  
  88  19:19  Pylon  
  87  19:25  Probe  
  87  19:27  Probe  
  89  19:32  Stalker  
  89  19:33  Stalker  
  80  19:52  Stalker  
  58  20:47  Stalker x3  
  58  20:48  Tempest  
  58  20:49  Probe  
  60  20:51  Assimilator  
  60  20:54  Assimilator  
  60  21:17  Stalker x3  
  66  21:31  Tempest  
  71  21:45  Stalker  
  71  21:46  Stalker x2  
  66  22:17  Stalker x3  
  66  22:21  Tempest x2  
  70  22:51  Stalker  
  70  22:52  Stalker  
  68  23:04  Tempest  
  62  23:12  Probe  
  61  23:14  Tempest  
  61  23:19  Observer  
  67  23:24  Probe  
  68  23:36  Probe  
  68  23:38  Templar Archives  
  68  23:40  Tempest  
  69  23:43  Pylon  
  69  23:53  Probe  
  75  23:58  Pylon  
  75  24:01  Probe  
  76  24:13  Probe  
  76  24:15  Stalker x2  
  81  24:32  Psionic Storm  
  81  24:34  High Templar  
  76  25:19  Stalker  
  76  25:20  Stalker x2  
  71  25:51  Probe  
  71  25:53  Probe  
Tags
 
Add a new tag
Caveats
  • Supply blocks, unpowered buildings, or Contaminate may cause inaccurate times.
  • Supply counts are checked every 10 seconds.